 Dungeon Crawl Stone Soup version 0.17.0-73-gb648821 (webtiles) character file.

62 dorian the Conjurer (level 4, -6/27 HPs)
             Began as an Octopode Conjurer on Dec 10, 2015.
             Killed from afar by Sigmund (12 damage)
             ... with a puff of flame
             ... on level 2 of the Dungeon.
             The game lasted 00:02:05 (1219 turns).

dorian the Conjurer (Octopode Conjurer)             Turns: 1219, Time: 00:02:06

Health: -6/27      AC:  1    Str:  7    XL:     4   Next: 8%
Magic:  0/8        EV: 12    Int: 18    God:
Gold:   70         SH:  0    Dex: 12    Spells: 2 memorised, 5 levels left

rFire  . . .     SeeInvis .     (no weapon)
rCold  . . .     Clarity  .     (no shield)
rNeg   . . .     SustAt   .     (helmet restricted)
rPois  .         Gourm    .     (no amulet)
rElec  .         Spirit   .     (no ring)
rCorr  .         Warding  .     (no ring)
rMut   .         Stasis   .     (no ring)
MR     .....                    (no ring)
Stlth  +++.......               (no ring)
                                (no ring)
                                (no ring)
                                (no ring)

@: not resistant to hostile enchantments, fairly stealthy
A: almost no armour, amphibious, 8 rings, constrict 8, camouflage 1, gelatinous
body 1
a: no special abilities


You were on level 2 of the Dungeon.
You were not hungry.

You visited 1 branch of the dungeon, and saw 2 of its levels.

You collected 70 gold pieces.

Inventory:

Scrolls
 e - 3 scrolls of identify {unknown}
 f - 2 scrolls of remove curse {unknown}
 g - a scroll of amnesia {unknown}
 k - a scroll of fog {unknown}
 n - a scroll of immolation {unknown}
 r - a scroll of teleportation {unknown}
Potions
 c - 2 potions of brilliance {unknown}
 d - a potion of agility {unknown}
 h - a potion of mutation {unknown}
 i - a potion of heal wounds {unknown}
 l - a potion of invisibility {unknown}
 m - a potion of resistance {unknown}
 p - a potion of ambrosia {unknown}
 q - a potion of haste {unknown}
Books
 a - a book of Conjurations

   Spells                             Type                      Level
   a - Magic Dart                     Conjuration                  1
   b - Searing Ray                    Conjuration                  2
   c - Dazzling Spray                 Conjuration/Hexes            3
   d - Fulminant Prism                Conjuration/Hexes            4
   e - Iskenderun's Mystic Blast      Conjuration                  4
   f - Iskenderun's Battlesphere      Conjuration/Charms           5
Comestibles
 b - a bread ration
 j - a slice of pizza
 o - a chunk of flesh


   Skills:
 - Level 2.0 Dodging
 - Level 2.6 Stealth
 + Level 2.7 Spellcasting
 * Level 5.0 Conjurations


You had 5 spell levels left.
You knew the following spells:

 Your Spells              Type           Power        Failure   Level  Hunger
a - Magic Dart            Conj           ###.         1%          1    None
b - Searing Ray           Conj           ###...       3%          2    ##.....


Dungeon Overview and Level Annotations

Branches:
Dungeon (2/15)

Altars:

Annotations:
D:2 Sigmund


Innate Abilities, Weirdness & Mutations

You cannot wear most types of armour.
You are amphibious.
You can wear up to eight rings at the same time.
You can use your tentacles to constrict eight enemies at once.
Your skin changes colour to match your surroundings (Stealth).
Your rubbery body absorbs attacks (AC +1).


Message History

Sigmund is moderately wounded.
Sigmund barely misses you.
The searing ray hits Sigmund.
Sigmund is severely wounded.
Sigmund completely misses you.
Casting: Searing Ray
Confirm with . or Enter, or press ? or * to list all spells.
Aiming: Searing Ray
Press: ? - help, Shift-Dir - straight line, f/p - Sigmund
Aim: Sigmund, wielding a scythe and wearing a robe (severely wounded)
The searing ray hits Sigmund.
Sigmund is severely wounded.
The searing ray hits Sigmund.
Sigmund is almost dead.
Sigmund hits you from afar with a scythe!
* * * LOW HITPOINT WARNING * * *
Without enough magic to sustain it, your searing ray dissipates.
Sigmund casts a spell at you. The puff of flame hits you!
You die...

.# .# ### .. ....
.##.. .... @.#
####..# #..@..# .#
##### #.##.......
.. #..<# #.#
#...... .#
###.#####.###.#.##.
# #...........# # #
# #........##.# #
#........+..# #
#........####
#........#


You could see Sigmund.

Vanquished Creatures
  4 adders (D:2)
  A giant gecko (D:1)
  8 bats
  2 giant cockroaches
  5 goblins
  4 hobgoblins
  A ball python (D:2)
  2 giant newts
  3 kobolds
  2 rats
32 creatures vanquished.

Notes
Turn   | Place    | Note
--------------------------------------------------------------
     0 | D:1      | dorian the Octopode Conjurer began the quest for the Orb.
     0 | D:1      | Reached XP level 1. HP: 11/11 MP: 3/3
   218 | D:1      | Reached XP level 2. HP: 17/17 MP: 3/5
   588 | D:1      | You fall through a shaft!
   671 | D:2      | Reached XP level 3. HP: 21/21 MP: 2/6
  1066 | D:2      | Learned a level 2 spell: Searing Ray
  1113 | D:2      | Reached skill level 5 in Conjurations
  1113 | D:2      | Reached XP level 4. HP: 27/27 MP: 2/8
  1212 | D:2      | Noticed Sigmund
  1219 | D:2      | Killed from afar by Sigmund

Action                   |  1- 3 |  4- 6 || total
-------------------------+-------+-------++-------
Melee: Unarmed           |    24 |       ||    24
 Cast: Magic Dart        |    47 |     4 ||    51
       Searing Ray       |       |     2 ||     2
 Stab: Sleeping          |     4 |       ||     4
  Eat: Chunk             |     1 |       ||     1
